 Dungeon Crawl Stone Soup version 0.30-a0-462-gd5975efbca (webtiles) character file.

Game seed: 7347416096536294648

364 NinjaNoafa the Magician (level 7, -4/45 HPs)
             Began as a Djinni Fire Elementalist on Dec 16, 2022.
             Slain by a black bear (12 damage)
             ... on level 4 of the Dungeon.
             The game lasted 00:04:48 (3230 turns).

NinjaNoafa the Magician (Djinni Fire Elementalist)  Turns: 3230, Time: 00:04:48

Health: -4/45      AC:  2    Str:  7    XL:     7   Next: 0%
Gold:   180        EV: 19    Int: 19    God:
                   SH:  0    Dex: 18

rFire   . . .      SeeInvis .    (weapon currently unavailable)
rCold   . . .      Faith    .    (shield currently unavailable)
rNeg    . . .      Spirit   .    (body armour currently unavailable)
rPois   ∞          Reflect  .    (helmet currently unavailable)
rElec   .          Harm     .    (cloak currently unavailable)
rCorr   .          Rampage  .    (gloves currently unavailable)
Will    .....                    (boots unavailable)
Stlth   ++........               (no amulet)
HPRegen 0.27/turn                (no ring)
MPRegen 0.00/turn                (no ring)

@: spider-form, flying
A: venomous fangs, flying, sickness immunity, tiny, (fire resistance 2), (cold
vulnerability 1), float, innate caster, HP casting, extra vitality 1
a: End Transformation


You were on level 4 of the Dungeon.
You were a venomous arachnid creature.
You visited 1 branch of the dungeon, and saw 4 of its levels.

You collected 180 gold pieces.

Inventory:

Missiles
 h - 7 stones
 i - 5 javelins
Armour
 a - a +0 robe (melded)
Magical Staves
 q - a staff of air (melded)
Scrolls
 b - 3 scrolls of teleportation {unknown}
 c - a scroll of immolation {unknown}
 e - a scroll of blinking {unknown}
 j - a scroll of magic mapping {unknown}
 m - a scroll of butterflies {unknown}
 o - a scroll of poison {unknown}
 r - a scroll of vulnerability {unknown}
 s - 3 scrolls of identify {unknown}
Potions
 d - a potion of degeneration {unknown}
 f - a potion of haste {unknown}
 g - a potion of curing {unknown}
 k - a potion of cancellation {unknown}
 l - 2 potions of resistance {unknown}
 n - a potion of attraction {unknown}
 p - a potion of heal wounds {unknown}
 t - a potion of magic {unknown}


   Skills:
 - Level 2.1 Dodging
 - Level 1.5 Stealth
 * Level 5.6 Spellcasting


You couldn't memorise any spells.
You knew the following spells:

 Your Spells              Type           Power      Damage    Failure   Level
a - Foxfire               Conj/Fire      100%       2x1d9     5%          1
b - Scorch                Fire           52%        2d7       8%          2
c - Kindle Blastsparks    Fire/Tloc/Air  52%        2d14      12%         3
d - Inner Flame           Hex/Fire       26%        N/A       12%         3
e - Flame Wave            Conj/Fire      26%        2d8       28%         4
f - Apportation           Tloc           52%        N/A       5%          1
g - Poisonous Vapours     Pois/Air       52%        N/A       8%          2
h - Spider Form           Tmut/Pois      26%        N/A       12%         3
Your spell library was empty.

Dungeon Overview and Level Annotations

Branches:
Dungeon (4/15)
 Temple: D:4-7

Altars:
Okawaru
Uskayaw


Innate Abilities, Weirdness & Mutations

You are a venomous arachnid creature.
You have poisonous fangs.
You are tiny and dextrous.
You are flying.
Your spellcasting is less reliable in this form.
Your armour is entirely melded.
You are incapable of wielding weapons or throwing items.
You are immune to sickness and miasma.
You are immune to poison.
((Your flesh is very heat resistant. (rF++)))
((You are vulnerable to cold. (rC-)))
You float through the air rather than walking.
You learn spells naturally, not from books.
Your magical power is your life essence.
You have superior vitality. (+4 MHP)


Message History

The concussive blast engulfs you!
You are knocked back by the blast.
Casting: Kindle Blastsparks (dangerous; 12% risk of failure)
Confirm with . or Enter, or press ? or * to list all spells.
You conjure some foxfire!
The foxfire hits the black bear.
The black bear is severely wounded.
The foxfire hits the black bear.
The black bear is severely wounded.
Casting: Foxfire (safe; 5% risk of failure)
Confirm with . or Enter, or press ? or * to list all spells.
You conjure some foxfire!
The black bear barely misses you. x2
The black bear closely misses you.
The foxfire hits the black bear.
The black bear is severely wounded.
The foxfire hits the black bear.
The black bear is severely wounded.
The black bear goes berserk!
Aiming: Poisonous Vapours (safe; 8% risk of failure)
Press: ? - help, Q - select action, (/) - cycle Dir - move target, f - black bear
Aim: a black bear (severely wounded, berserk) Poisonous vapours surround the black bear!
The black bear is poisoned.
The black bear completely misses you. The black bear misses you.
The black bear completely misses you.
Aiming: Poisonous Vapours (safe; 8% risk of failure)
Press: ? - help, Q - select action, (/) - cycle Dir - move target, f/p - black bear
Aim: a black bear (severely wounded, berserk, poisoned) Poisonous vapours surround the black bear!
The black bear looks even sicker.
The black bear bites you. The black bear completely misses you.
The black bear claws you.
* * * LOW HITPOINT WARNING * * *
You hit the black bear but do no damage.
The black bear looks as sick as possible!
The black bear is severely wounded.
The black bear closely misses you. The black bear barely misses you.
The black bear claws you.
* * * LOW HITPOINT WARNING * * *
The black bear bites you!
You die...

..... #....#.#
..?..###########....#.#
..............##....#.#
..............##....#.#
..............##....#.###
.......................>#
..............#########.#
..............# #.#
............hs#########'###
#..##########.............#
. #.............#
#.............#
#.............#
#.............#
#.............#
#.............#
#.............#


You could see a black bear (berserk, extremely poisoned).

Vanquished Creatures
  2 ogres (D:4)
  Jessica (D:2)
  Terence (D:3)
  A gnoll (D:1)
  6 adders
  2 dart slugs
  An orc (D:3)
  4 endoplasms
  4 giant cockroaches
  10 goblins
  10 hobgoblins
  6 jackals
  6 kobolds
  3 quokkas
  5 ball pythons
  5 bats
  4 frilled lizards
  7 rats
78 creatures vanquished.

Vanquished Creatures (others)
  205 foxfires
205 creatures vanquished.

Grand Total: 283 creatures vanquished

Notes
Turn   | Place    | Note
-------+----------+-------------------------------------------
     0 | D:1      | NinjaNoafa the Djinni Fire Elementalist began the quest for
                  | the Orb.
     0 | D:1      | NinjaNoafa set off with the following spells memorised:
                  | Foxfire, Scorch, Kindle Blastsparks, Inner Flame, Flame
                  | Wave.
     0 | D:1      | Reached XP level 1. HP: 15/15 MP: 0/0
   176 | D:1      | Reached XP level 2. HP: 17/21 MP: 0/0
   179 | D:1      | Reached skill level 3 in Spellcasting
   272 | D:1      | Reached XP level 3. HP: 25/25 MP: 0/0
   272 | D:1      | Learned a level 1 spell: Apportation
   758 | D:2      | Reached XP level 4. HP: 28/31 MP: 0/0
   849 | D:2      | HP: 1/31 [goblin/+1 dagger of protection (2)]
   983 | D:2      | Noticed Jessica
   987 | D:2      | Killed Jessica
   988 | D:2      | Reached skill level 4 in Spellcasting
  1207 | D:2      | Reached XP level 5. HP: 25/35 MP: 0/0
  1207 | D:2      | Learned a level 2 spell: Poisonous Vapours
  1587 | D:2      | Found a hide-covered altar of Uskayaw.
  2088 | D:3      | Found an iron altar of Okawaru.
  2103 | D:3      | Noticed Terence
  2111 | D:3      | Killed Terence
  2459 | D:3      | You are sucked into a shaft and drop 1 floor!
  2860 | D:4      | Noticed an ogre
  2872 | D:4      | Killed an ogre
  2873 | D:4      | Reached skill level 5 in Spellcasting
  2873 | D:4      | Reached XP level 6. HP: 35/40 MP: 0/0
  2943 | D:4      | Noticed an ogre
  2952 | D:4      | Killed an ogre
  3160 | D:4      | Reached XP level 7. HP: 40/45 MP: 0/0
  3160 | D:4      | Learned a level 3 spell: Spider Form
  3230 | D:4      | Slain by a black bear

Illustrated notes

Levels and vault maps discovered:
D:1:      lemuel_arrival_room, layout_rooms
D:2:      layout_loops_ring, basic_altar, minmay_pentomino_v4, uniq_jessica
D:3:      layout_rooms, okawaru_metal_pillars_1_2, kennysheep_pointless_box,
          uniq_terence
D:4:      layout_basic, gammafunk_temple_overflow_pools, corexii_corridor_pit

Skill      XL: |  1  2  3  4  5 |
---------------+----------------+-----
Spellcasting   | 3 4 5 |  5.6
Dodging        | |  2.1
Stealth        | |  1.5

Action                   |  1- 3 |  4- 6 |  7- 9 || total
-------------------------+-------+-------+-------++-------
Melee: Dagger            |     4 |     1 |       ||     5
       Staff             |       |     3 |       ||     3
       Unarmed           |       |       |     3 ||     3
Throw: Javelin           |       |     5 |       ||     5
       Stone             |       |     1 |       ||     1
 Cast: Foxfire           |    73 |    56 |     3 ||   132
       Kindle Blastspark |     3 |     7 |     1 ||    11
       Scorch            |     1 |     4 |       ||     5
       Inner Flame       |       |     7 |       ||     7
       Poisonous Vapours |       |    35 |     2 ||    37
       Flame Wave        |       |     1 |       ||     1
       Spider Form       |       |       |     1 ||     1
Armor: Robe              |     1 |     5 |       ||     6
       Skin              |       |       |     2 ||     2
Dodge: Dodged            |     5 |    17 |    16 ||    38

Table legend: (Time is in decaauts)
 A = Elapsed time spent in this place.
 B = Non-inter-level travel time spent in this place.
 C = Inter-level travel time spent in this place.
 D = Time resting spent in this place.
 E = Time spent auto-exploring this place.
 F = Levels seen in this place.
 G = Mean time per level.
                   A        B        C        D        E       F      G
               +--------+--------+--------+--------+--------+-----+--------+
         Total |   3231 |   3121 |    110 |      0 |   2640 |   4 |  807.8 |
       Dungeon |   3231 |   3121 |    110 |      0 |   2640 |   4 |  807.8 |
               +--------+--------+--------+--------+--------+-----+--------+

Top non-repeatable levels by time:
     D:2: 1101 daAuts
     D:3: 923 daAuts
     D:1: 732 daAuts
     D:4: 474 daAuts
